 Dungeon Crawl Stone Soup version 0.18.1-6-gd335043 (webtiles) character file.

4412 PossumBlood the Cleaver (level 10, -7/85 HPs)
             Began as a Formicid Fighter on May 15, 2016.
             Was a Follower of Okawaru.
             Mangled by Snorg (10 damage)
             ... on level 10 of the Dungeon.
             The game lasted 00:31:16 (9689 turns).

PossumBlood the Cleaver (Formicid Fighter)          Turns: 9689, Time: 00:31:16

Health: -7/85      AC: 17    Str: 25    XL:     10   Next: 62%
Magic:  10/10      EV:  5    Int:  7    God:    Okawaru [*.....]
Gold:   629        SH: 10    Dex: 10    Spells: 0 memorised, 9 levels left

rFire  . . .     SeeInvis +     a - +1 war axe
rCold  . . .     Gourm    .     v - +0 plate armour
rNeg   + . .     Faith    .     c - +0 shield
rPois  .         Spirit   .     (helmet unavailable)
rElec  .         Dismiss  .     n - +0 cloak
rCorr  +         Reflect  .     s - +0 pair of gloves
SustAt .         Harm     +     h - +2 pair of boots
MR     +....                    o - amulet of harm
Stlth  ..........               d - ring of positive energy
                                i - ring of resist corrosion

@: somewhat resistant to hostile enchantments, extremely unstealthy
A: permanent stasis, dig shafts and tunnels, four strong arms, antennae 3
a: Dig, Shaft Self, Heroism, Renounce Religion


You were on level 10 of the Dungeon.
You worshipped Okawaru.
Okawaru was aware of your devotion.
You were not hungry.

You visited 2 branches of the dungeon, and saw 11 of its levels.
You also visited: Sewer.

You collected 629 gold pieces.

Inventory:

Hand Weapons
 a - a +1 war axe (weapon)
Missiles
 r - 8 javelins (quivered)
 z - 4 tomahawks
Armour
 c - a +0 shield (worn)
 h - a +2 pair of boots (worn)
 n - a +0 cloak (worn)
 s - a +0 pair of gloves (worn)
 v - a +0 plate armour (worn)
Magical Staves
 A - a cursed staff of power {unknown}
Jewellery
 d - a ring of positive energy (right hand)
 i - a ring of resist corrosion (left hand)
 o - an amulet of harm (around neck)
 q - an uncursed amulet of guardian spirit
Wands
 b - a wand of polymorph (14/24)
 j - a wand of lightning (7/15)
 l - a wand of enslavement (20/24)
 u - a wand of polymorph (18/24)
 w - a wand of random effects (14/48)
Scrolls
 e - a scroll of brand weapon {unknown}
 y - 3 scrolls of identify
 C - 2 scrolls of magic mapping
 E - a scroll of fear
Potions
 g - a potion of resistance
 k - 3 potions of flight
 m - a potion of invisibility
 p - a potion of cure mutation
Books
 B - a book of Geomancy

   Spells                             Type                      Level
   a - Sandblast                      Earth                        1
   b - Passwall                       Transmutation/Earth          2
   c - Stone Arrow                    Conjuration/Earth            3
   d - Petrify                        Transmutation/Earth          4
   e - Lee's Rapid Deconstruction     Earth                        5
Comestibles
 f - 3 bread rations
 t - 3 meat rations
 x - a beef jerky


   Skills:
 - Level 10.0 Fighting
 * Level 11.2 Axes
 - Level 5.0 Armour
 - Level 5.0 Shields


You had 9 spell levels left.
You didn't know any spells.

Dungeon Overview and Level Annotations

Branches:
Dungeon (10/15)            Temple (1/1) D:7            Lair (0/8) D:8
    Orc: D:9-12

Altars:
Ashenzari
Cheibriados
Dithmenos
Elyvilon
Fedhas
Gozag
Kikubaaqudgha
Makhleb
Nemelex Xobeh
Okawaru
Pakellas
Qazlal
Ru
Sif Muna
Trog
Vehumet
Xom
Yredelemnul
Zin
The Shining One
Beogh

Annotations:
D:7 removeelyvilon's ghost, novice NaTm
D:10 Snorg


Innate Abilities, Weirdness & Mutations

You are under a permanent stasis effect.
You can dig through walls and to a lower floor.
Your four strong arms can wield two-handed weapons with a shield.
You have a pair of large antennae on your head (SInv).


Message History

You block Snorg's attack. Snorg claws you but does no damage.
Snorg barely misses you.
Your shield and plate armour prevent you from hitting Snorg.
Snorg is heavily wounded.
You hit the steam dragon.
The steam dragon is lightly wounded.
You block Snorg's attack. Snorg claws you! You block Snorg's attack.
The steam dragon breathes steam at you. The ball of steam hits you!
Snorg bites you. Snorg barely misses you. Snorg claws you but does no damage.
You slice Snorg!!
Snorg is severely wounded.
You barely miss the steam dragon.
The steam dragon is lightly wounded.
You are engulfed in a cloud of scalding steam.
The steam dragon bites you but does no damage.
You block the steam dragon's attack. Snorg bites you!!
* * * LOW HITPOINT WARNING * * *
You block Snorg's attack. Snorg claws you!
You die...

$....###..#..
............#
............###
.....>.......
###.........#
............###
#...........#
#....<....#$.
#....@.......
......D.T...#..
............#
...............
...............
.........##....
.......... ..##
...######. .#


You could see Snorg (berserk) and a steam dragon.

Vanquished Creatures
  Erica (D:8)
  Prince Ribbit (D:8)
  3 yaks (D:9)
  A hungry ghost (D:8)
  Menkaure (D:4)
  A water moccasin (D:8)
  2 phantoms
  3 orc warriors (D:9)
  A sky beast (D:6)
  2 ogres
  3 centaurs
  A crocodile (Sewer)
  A big kobold (D:9)
  2 giant frogs
  A gnoll sergeant (D:6)
  2 scorpions
  6 wights
  2 howler monkeys
  2 crimson imps
  5 hounds
  5 orc priests
  2 giant frog skeletons (D:4)
  A jelly (D:9)
  2 iguanas
  3 orc wizards
  6 worker ants
  2 hound zombies
  A hound skeleton (D:4)
  A worker ant zombie (D:5)
  7 gnolls
  11 adders
  3 shadow imps
  5 oozes
  5 worms
  An adder skeleton (D:4)
  3 dart slugs
  2 giant geckos
  27 orcs
  A ball python (D:5)
  17 bats
  8 giant cockroaches
  3 goblins
  10 hobgoblins
  17 jackals
  12 kobolds
  3 quokkas
  A giant cockroach zombie (D:6)
  6 giant newts
  3 rats
209 creatures vanquished.

Notes
Turn   | Place    | Note
--------------------------------------------------------------
     0 | D:1      | PossumBlood the Formicid Fighter began the quest for the Orb.
     0 | D:1      | Reached XP level 1. HP: 18/18 MP: 1/1
     2 | D:1      | Noticed a dwarf
     2 | D:1      | Noticed a troll
     4 | D:1      | Noticed a ghoul
     4 | D:1      | Noticed a human
     6 | D:1      | Noticed a vine stalker
     6 | D:1      | Noticed a formicid
     8 | D:1      | Noticed a tengu
     8 | D:1      | Noticed a centaur
    10 | D:1      | Noticed a demonspawn
    14 | D:1      | Noticed a minotaur
    14 | D:1      | Noticed a spriggan
    16 | D:1      | Noticed an ogre
    16 | D:1      | Noticed a gargoyle
    18 | D:1      | Noticed a vampire
    18 | D:1      | Noticed a merfolk
    20 | D:1      | Noticed an elf
    20 | D:1      | Noticed a halfling
    22 | D:1      | Noticed a draconian
    22 | D:1      | Noticed a felid
    24 | D:1      | Noticed a naga
    26 | D:1      | Noticed an octopode
    26 | D:1      | Noticed a demigod
   327 | D:1      | Reached XP level 2. HP: 25/25 MP: 2/2
   627 | D:1      | Reached XP level 3. HP: 31/31 MP: 3/3
  1180 | D:2      | Reached skill level 5 in Fighting
  1239 | D:2      | Reached XP level 4. HP: 35/39 MP: 4/4
  1285 | D:2      | Found a white marble altar of Elyvilon.
  1622 | D:3      | Reached XP level 5. HP: 44/46 MP: 5/5
  1938 | D:3      | Found a shadowy altar of Dithmenos.
  1939 | D:3      | Found a glowing golden altar of the Shining One.
  2034 | D:3      | Reached skill level 3 in Axes
  2173 | D:3      | Found a deep blue altar of Sif Muna.
  2764 | D:4      | Reached skill level 4 in Axes
  2764 | D:4      | Reached XP level 6. HP: 52/52 MP: 6/6
  2828 | D:4      | Noticed Menkaure
  2835 | D:4      | Killed Menkaure
  2835 | D:4      | Reached skill level 5 in Axes
  2995 | D:4      | Found a shattered altar of Ashenzari.
  3021 | D:4      | Reached XP level 7. HP: 54/57 MP: 7/7
  3226 | D:4      | Reached skill level 5 in Armour
  3397 | D:5      | Entered Level 5 of the Dungeon
  3545 | D:5      | Reached skill level 5 in Shields
  3680 | D:5      | Reached XP level 8. HP: 59/64 MP: 8/8
  4992 | D:6      | Found a glowing drain.
  5039 | Sewer    | Entered a sewer
  5430 | D:6      | Reached XP level 9. HP: 72/76 MP: 9/9
  5438 | D:6      | Gained mutation: You are partially covered in molten scales (AC +1). [potion of beneficial mutation]
  5439 | D:6      | Gained mutation: You evolve. [potion of beneficial mutation]
  5599 | D:7      | Reached skill level 10 in Fighting
  5949 | D:7      | Noticed removeelyvilon's ghost (novice NaTm)
  6252 | D:6      | Lost mutation: You are partially covered in molten scales (AC +1). [potion of cure mutation]
  6252 | D:6      | Lost mutation: You evolve. [potion of cure mutation]
  6331 | D:7      | HP: 2/78 [removeelyvilon's ghost (13)]
  6471 | D:6      | Reached skill level 6 in Axes
  6803 | D:7      | Found a staircase to the Ecumenical Temple.
  7083 | D:8      | Found a staircase to the Lair.
  7312 | D:8      | Noticed Erica
  7322 | D:8      | Killed Erica
  7322 | D:8      | Reached skill level 8 in Axes
  7558 | D:8      | Noticed Prince Ribbit
  7582 | D:8      | Killed Prince Ribbit
  7582 | D:8      | Reached XP level 10. HP: 58/85 MP: 10/10
  7932 | D:8      | Found a bloodstained altar of Trog.
  7934 | D:8      | Found a sacrificial altar of Ru.
  8050 | Temple   | Entered the Ecumenical Temple
  8064 | Temple   | Became a worshipper of Warmaster Okawaru
  8313 | D:8      | Reached skill level 9 in Axes
  8693 | D:9      | Reached skill level 10 in Axes
  8736 | D:9      | Reached * piety under Okawaru
  9014 | D:9      | Found a roughly hewn altar of Beogh.
  9057 | D:9      | Reached skill level 11 in Axes
  9651 | D:9      | Found a basalt altar of Yredelemnul.
  9682 | D:10     | Entered Level 10 of the Dungeon
  9682 | D:10     | Noticed Snorg
  9689 | D:10     | HP: 3/85 [Snorg (28)]
  9689 | D:10     | Mangled by Snorg

Skill      XL: |  1  2  3  4  5  6  7  8  9 10 |
---------------+-------------------------------+-----
Fighting       | 4 5 9 10 | 10.0
Axes           | 4 5 8 11 | 11.2
Armour         | 5 |  5.0
Shields        | 5 |  5.0

Action                   |  1- 3 |  4- 6 |  7- 9 | 10-12 || total
-------------------------+-------+-------+-------+-------++-------
Melee: War axe           |   110 |   140 |   367 |   184 ||   801
Invok: Heroism           |       |       |       |     1 ||     1
 Abil: Dig               |       |       |     1 |     1 ||     2
  Use: Scroll            |       |    12 |     6 |     2 ||    20
       Potion            |       |     1 |    11 |     3 ||    15
  Eat: Bread ration      |     1 |     1 |     4 |     1 ||     7
       Meat ration       |       |       |       |     1 ||     1
Armor: Scale mail        |    65 |    56 |   176 |    45 ||   342
       Plate armour      |       |       |       |    26 ||    26
Dodge: Dodged            |    42 |    51 |   134 |    46 ||   273
Block: Shield            |    75 |    79 |   196 |    91 ||   441
